Description

This is a build that I have come into very recently but I already think it is stronger than blink disruptor and HT openers. This build is a standard blink stalker obs opener that transitions into colossus then into storm. You can fend off drops easy, widow mine drops, liberators, this build is very good. * The ideal late game composition is collosus HT archon chargelot with some blink stalkers* and I know what you are thinking, this is going to get crushed by heavy liberators. But in my experience so far with archons and storms you can crush libs, as well as the chargelots and colossus push back the army so the liberators become exposed. I think this build is SUPER strong and a PERFECT option if you don't like the disruptor that much or want something a little sturdier!

VOD

https://www.youtube.com/watch?v=xtSztdQ2Z6s

Replay - Dusk Towers (81)

Build Order

Get SALT Encoding   

  12  0:01  Probe (Chrono Boost)  
  13  0:12  Probe (Chrono Boost)  
  14  0:18  Pylon  
  14  0:22  Probe (Chrono Boost)  
  15  0:36  Probe (Chrono Boost)  
  15  0:42  Gateway  
  16  0:46  Probe (Chrono Boost)  
  17  0:52  Assimilator  
  18  0:57  Probe (Chrono Boost)  
  18  1:07  Probe (Chrono Boost)  
  19  1:19  Nexus  
  19  1:29  Cybernetics Core  
  19  1:33  Probe (Chrono Boost)  
  19  1:38  Assimilator  
  20  1:43  Probe (Chrono Boost)  
  22  1:54  Probe (Chrono Boost)  
  22  1:55  Pylon  
  22  2:05  Probe (Chrono Boost)  
  23  2:13  Adept (Chrono Boost)  
  27  2:15  Mothership Core (Chrono Boost)  
  27  2:20  Warp Gate (Chrono Boost)  
  26  2:32  Probe  
  26  2:34  Probe, Pylon  
  28  2:42  Probe  
  29  2:45  Twilight Council  
  29  2:46  Probe (Chrono Boost)  
  30  2:54  Probe (Chrono Boost)  
  30  2:58  Probe (Chrono Boost)  
  32  3:01  Sentry  
  32  3:05  Probe (Chrono Boost)  
  35  3:08  Probe (Chrono Boost)  
  36  3:15  Probe (Chrono Boost)  
  36  3:19  Probe (Chrono Boost)  
  38  3:20  Gateway  
  38  3:22  Gateway  
  38  3:28  Blink (Chrono Boost)  
  38  3:31  Probe  
  38  3:32  Probe  
  40  3:43  Probe  
  41  3:49  Probe  
  41  3:53  Robotics Facility  
  41  3:55  Probe  
  43  3:59  Probe, Pylon  
  44  4:07  Probe  
  45  4:10  Probe  
  45  4:15  Assimilator, Pylon  
  44  4:19  Assimilator, Probe  
  44  4:21  Probe  
  46  4:25  Pylon  
  46  4:30  Sentry, Gateway  
  48  4:31  Probe  
  48  4:32  Stalker  
  48  4:33  Gateway  
  48  4:37  Probe, Stalker  
  53  4:43  Probe  
  53  4:45  Observer (Chrono Boost)  
  56  4:48  Probe  
  57  4:55  Probe  
  57  4:58  Nexus  
  58  5:02  Pylon  
  58  5:05  Pylon  
  58  5:06  Probe  
  59  5:10  Observer (Chrono Boost)  
  60  5:17  Probe, Robotics Bay  
  60  5:19  Probe  
  62  5:22  Stalker  
  64  5:29  Probe (Chrono Boost)  
  64  5:31  Probe (Chrono Boost)  
  64  5:32  Observer (Chrono Boost)  
  67  5:39  Pylon  
  67  5:40  Stalker  
  67  5:41  Probe (Chrono Boost)  
  71  5:42  Probe (Chrono Boost)  
  71  5:51  Probe (Chrono Boost), Pylon  
  71  5:53  Probe (Chrono Boost)  
  73  6:00  Stalker x4  
  73  6:02  Probe x2 (Chrono Boost)  
  83  6:10  Colossus (Chrono Boost)  
  83  6:13  Probe x2  
  83  6:18  Charge (Chrono Boost)  
  91  6:22  Probe  
  91  6:25  Probe  
  93  6:29  Extended Thermal Lance (Chrono Boost)  
  93  6:33  Assimilator  
  93  6:37  Assimilator, Gateway  
  93  6:38  Gateway  
  93  6:44  Probe  
  93  6:45  Probe  
  95  6:49  Probe  
  95  6:52  Zealot x4  
  104  6:56  Probe  
  104  6:59  Pylon  
  105  7:02  Colossus (Chrono Boost)  
  111  7:13  Stalker  
  113  7:18  Probe  
  113  7:22  Forge  
  114  7:23  Pylon, Forge  
  114  7:25  Probe  
  114  7:27  Pylon  
  115  7:33  Probe  
  115  7:34  Probe  
  117  7:39  Pylon  
  117  7:46  Pylon  
  117  7:49  Colossus (Chrono Boost), Protoss Ground Armor Level 1 (Chrono Boost)  
  117  7:50  Protoss Ground Weapons Level 1 (Chrono Boost)  
  123  7:52  Pylon  
  123  8:01  Templar Archives  
  121  8:07  Probe  
  122  8:17  Probe  
  122  8:18  Nexus  
  123  8:20  Pylon, Photon Cannon  
  123  8:22  Pylon, Photon Cannon  
  123  8:24  Photon Cannon  
  123  8:26  Photon Cannon  
  123  8:29  Photon Cannon x2  
  123  8:33  Probe  
  124  8:34  Pylon  
  124  8:42  High Templar x3  
  124  8:43  Zealot, High Templar  
  124  8:44  Zealot x2, Colossus (Chrono Boost)  
  124  8:48  Probe  
  145  8:49  Archon x2  
  145  8:51  Probe  
  146  9:05  Zealot x3  
  146  9:08  Probe  
  146  9:09  Probe  
  154  9:13  Psionic Storm  
  154  9:14  Assimilator, Probe  
  154  9:16  High Templar x4  
  163  9:19  Assimilator  
  163  9:20  Archon x2  
  163  9:21  Pylon  
  163  9:23  Probe  
  164  9:32  Gateway  
  164  9:33  Probe, Gateway  
  164  9:34  Probe  
  172  9:44  Warp Prism  
  168  9:48  Zealot x2  
  168  9:49  Zealot x3  
  168  9:51  High Templar x2  
Spawning Tool Build Advisor. Get it on Overwolf

Analysis

I would highly recommened giving this build a look. I think in the 10 games I have gone for it (and I was just doing this build off the cusp, doing it out of feel) I am 9-1. This build is my FAVORITE PvT build right now and has brought a lot of joy back to PvT for me, It's a fun composition that does make you want to cry when they do mass doom drops against you. Give this a chance before you right if off!

Most important things about this build: Blink stalker obs opener, into colossus, into HTS later (during 3 base saturation you should work for this) the chargelots are HUGE part of this (note if there are a lot of widow mines adepts should be substituted for zealots), do NOT go blink stalker colossus, the chargelots do insane amounts of damage and are crucial to survival in some parts, I would try to get it relatively fast after blink finishes!

Go to:

Details

  • Created by: Mcanning      
  • Published on: Feb 05, 2016
  • Modified on: Feb 07, 2016
  • Patch: Pre-3.8.0
Show
View Real Time Build Order
Export as new Build Order

Comments (4)

On Feb. 18, 2016, 2:41 a.m., baby322  said:

Hey dudes , been using SALT recently but having a problem with the units that I create. How do I know that how much units I should train in a single unit icon? When I train them a lot , the icon still does not show as its completed , ?

On Feb. 13, 2016, 2:03 p.m., ColdZer0o  said:

you're a legend dude

On Feb. 6, 2016, 2:32 a.m., gainaxc2  said:

Thanks for the build, got to find something after Adept nurf, and this is an enlightenment.

On Feb. 5, 2016, 3:08 p.m., MorN  said:

great as usual! Thanks for the writeup

Create an account to comment!